 Dungeon Crawl Stone Soup version 0.17-a0-1691-g18a3847 (webtiles) character file.

4 Gorice the Firebug (level 1, 0/9 HPs)
             Began as a Felid Wanderer on Aug 20, 2015.
             Slain by a hobgoblin
             ... wielding a +0 club
              (6 damage)
             ... on level 1 of the Dungeon.
             The game lasted 00:01:42 (711 turns).

Gorice the Firebug (Felid Wanderer)                  Turns: 711, Time: 00:01:42

Health: 0/9        AC:  1    Str:  9    XL:     1   Next: 50%
Magic:  3/3        EV: 15    Int: 11    God:
Gold:   45         SH:  0    Dex: 16    Spells: 1 memorised, 1 level left
                                        Lives:  0   Deaths: 0

rFire  . . .     SeeInvis +       - Unarmed
rCold  . . .     Clarity  .     (armour unavailable)
rNeg   . . .     SustAt   .     (shield unavailable)
rPois  .         Gourm    .     (helmet unavailable)
rElec  .         Spirit   .     (cloak unavailable)
rCorr  .         Warding  .     (gloves unavailable)
rMut   .         Stasis   .     (boots unavailable)
MR     .....                    (no amulet)
Stlth  ++........               (no ring)
                                (no ring)

@: quick, not resistant to hostile enchantments, unstealthy
A: no armour, no weapons or thrown items, claws 1, fangs 3, see invisible,
carnivore 3, speed 1, shaggy fur 1, slow metabolism 1, sharp paws
a: no special abilities


You were on level 1 of the Dungeon.
You were not hungry.

You visited 1 branch of the dungeon, and saw 1 of its levels.

You collected 45 gold pieces.

Inventory:

Scrolls
 a - a scroll of blinking
 e - a scroll of fog {unknown}
 h - a scroll of remove curse {unknown}
Potions
 b - a potion of heal wounds {!q}
 g - 2 potions of curing {unknown}
Books
 c - the Handbook of the Volcanoes

   Spells                             Type                      Level
   a - Flame Tongue                   Conjuration/Fire             1
   b - Ignite Poison                  Fire/Transmutation/Poison    3
Comestibles
 d - a meat ration {!e}
 f - a beef jerky


   Skills:
 - Level 2.0 Fighting
 - Level 1.3 Stealth
 * Level 1.4 Unarmed Combat
 - Level 1.0 Spellcasting
 + Level 0.3 Conjurations
   Level 1.2 Charms
 - Level 2.6 Fire Magic
   Level 1.1 Evocations


You had one spell level left.
You knew the following spells:

 Your Spells              Type           Power        Failure   Level  Hunger
a - Flame Tongue          Conj/Fire      #....        21%         1    ##.....


Dungeon Overview and Level Annotations

Branches:
Dungeon (1/15)

Altars:


Innate Abilities, Weirdness & Mutations

You cannot wear armour.
You are incapable of wielding weapons or throwing items.
You have sharp claws.
You have razor-sharp teeth.
You have supernaturally acute eyesight.
You are carnivorous and can eat meat at any time.
You cover ground quickly.
You are covered in fur (AC +1).
You have a slow metabolism.
Your sharp claws are effective at attacking unaware monsters.


Message History

Damage: 4 (max 4)
You closely miss the goblin.
The goblin is severely wounded.
The goblin barely misses you.
You scratch the goblin.
The goblin is almost dead.
The goblin barely misses you.
You barely miss the goblin.
The goblin is almost dead.
The goblin hits you with a club.
* * * LOW HITPOINT WARNING * * *
Damage: 3 (max 4)
You are too injured to fight recklessly!
You are too injured to fight recklessly!
You are too injured to fight recklessly!
You are too injured to fight recklessly!
You are too injured to fight recklessly!
You are too injured to fight recklessly!
You scratch the goblin.
You kill the goblin!
You see here a club.
You start resting.
HP restored.
Found 23 sling bullets.
You now have 45 gold pieces (gained 18).
You enter a teleport trap!
The teleport trap disappears.
Your surroundings suddenly seem different.
A hobgoblin comes into view. It is wielding a club.
The hobgoblin shouts!
Found a stone staircase leading down.
Found a scroll labeled HENKO ZOELEAMNIE.
The hobgoblin hits you but does no damage.
You scratch the hobgoblin.
The hobgoblin is lightly wounded.
The hobgoblin misses you.
You scratch the hobgoblin.
The hobgoblin is severely wounded.
The hobgoblin closely misses you.
You scratch the hobgoblin but do no damage.
The hobgoblin is heavily wounded.
You scratch the hobgoblin.
The hobgoblin is severely wounded.
The hobgoblin hits you with a club.
Damage: 3 (max 3)
You scratch the hobgoblin but do no damage.
You bite the hobgoblin, but do no damage.
The hobgoblin is severely wounded.
The hobgoblin hits you with a club.
Ouch! That really hurt!
You die...

..# #.# #.# ########
####.###......
#...........#
#######.##.###.#.###
........##.##......#
...#######.#.#.....#
#...##@....#
#...#.#.g...#
.......##..>.♣♣♣
####........♣♣
#..####.♣♣ #. ...
#.. .# ##.# #?♣P .#
.# #. ..♣.. #. #.#


You could see a hobgoblin.

Vanquished Creatures
  A bat (D:1)
  A goblin (D:1)
  A hobgoblin (D:1)
3 creatures vanquished.

Notes
Turn   | Place    | Note
--------------------------------------------------------------
     0 | D:1      | Gorice the Felid Wanderer began the quest for the Orb.
     0 | D:1      | Gorice set off with: a scroll of blinking, a potion of heal wounds {!q}, the Handbook of the Volcanoes, a meat ration {!e}
     0 | D:1      | Reached XP level 1. HP: 9/9 MP: 3/3
     0 | D:1      | Identified the Handbook of the Volcanoes
     2 | D:1      | Learned a level 1 spell: Flame Tongue
   409 | D:1      | HP: 1/9 [goblin/club (3)]
   711 | D:1      | Slain by a hobgoblin

Vault maps used:
D:1:      dpeg_arrival_central, serial_forest, infiniplex_forest_clump_small,
          infiniplex_forest_end_2, infiniplex_forest_lined_3,
          infiniplex_forest_clump_double, infiniplex_forest_clump_diagonal,
          infiniplex_forest_end_1, infiniplex_forest_fountain

Action                   || total
-------------------------++-------
Melee: Unarmed           ||    28
  Eat: Chunk             ||     2

Table legend:
 A = Turns spent in this place as a percentage of turns spent in the entire game.
 B = Non-inter-level travel turns spent in this place as a percentage of non-inter-level travel turns spent in the entire game.
 C = Inter-level travel turns spent in this place as a percentage of turns spent in this place.
 D = Turns resting spent in this place as a percentage of non-inter-level travel turns spent in this place.
 E = Turns spent auto-exploring this place as a percentage of non-inter-level travel turns spent in this place.
 F = Non-inter-level travel turns spent in this place divided by the number of levels of this place that you've seen.
                   A       B       C       D       E      F
               +-------+-------+-------+-------+-------+----------------------
         Total | 100.0 | 100.0 |   0.0 |   4.4 |   6.6 | 137.0
       Dungeon | 100.0 | 100.0 |   0.0 |   4.4 |   6.6 | 137.0
               +-------+-------+-------+-------+-------+----------------------

Vault maps used:
D:1:      dpeg_arrival_central, serial_forest, infiniplex_forest_clump_small,
          infiniplex_forest_end_2, infiniplex_forest_lined_3,
          infiniplex_forest_clump_double, infiniplex_forest_clump_diagonal,
          infiniplex_forest_end_1, infiniplex_forest_fountain
